 Dungeon Crawl Stone Soup version 0.24-a0-292-g5c6fb1c (webtiles) character file.

Game seed: 14667393261579104263

49 theanonym the Chopper (level 3, -8/34 HPs)
             Began as a Hill Orc Berserker on May 10, 2019.
             Was a Believer of Trog.
             Mangled by an orc warrior
             ... wielding a +0 glaive of flaming
              (15 damage)
             ... on level 2 of the Dungeon.
             The game lasted 00:01:29 (1710 turns).

theanonym the Chopper (Hill Orc Berserker)          Turns: 1710, Time: 00:01:29

Health: -8/34      AC:  5    Str: 20    XL:     3   Next: 77%
Magic:  3/3        EV: 12    Int:  7    God:    Trog [**....]
Gold:   89         SH:  0    Dex: 10    Spells: 2/2 levels left

rFire    . . .     SeeInvis .   a - +0 hand axe
rCold    . . .     Gourm    .   (no shield)
rNeg     . . .     Faith    .   b - +0 animal skin
rPois    .         Spirit   .   f - +2 helmet
rElec    .         Reflect  .   (no cloak)
rCorr    .         Harm     .   (no gloves)
MR       .....                  (no boots)
Stlth    +.........             (no amulet)
HPRegen  0.11/turn              (no ring)
MPRegen  0.08/turn              (no ring)

@: berserk cooldown, slowed, very slow
A: no striking features
a: Berserk, Trog's Hand, Renounce Religion


   Skills:
 + Level 4.3 Fighting
 * Level 5.5 Axes
 - Level 2.1 Armour
 - Level 1.5 Dodging


You had 2 spell levels left.
You didn't know any spells.
Your spell library was empty.

Skill      XL: |  1  2 |
---------------+-------+-----
Fighting       | 4 |  4.3
Axes           | 5 |  5.5
Armour         | |  2.1
Dodging        | |  1.5

Action                   || total
-------------------------++-------
Melee: Hand axe          ||   117
Invok: Berserk           ||     2
  Use: Scroll            ||     1
 Stab: Sleeping          ||     1
  Eat: Chunk             ||     3
Armor: Animal skin       ||    43
Dodge: Dodged            ||    57

Inventory:

Hand Weapons
 a - a +0 hand axe (weapon)
Armour
 b - a +0 animal skin (worn)
 f - a +2 helmet (worn)
Scrolls
 c - a scroll of enchant weapon {unknown}
 i - 5 scrolls of identify {unknown}
 l - a scroll of noise {unknown}
 m - a scroll of remove curse {unknown}
Potions
 h - a potion of might {unknown}
 j - a potion of lignification {unknown}
 k - a potion of curing {unknown}
Comestibles
 d - 2 chunks of flesh
 e - 2 rations


You were on level 2 of the Dungeon.
You worshipped Trog.
Trog was pleased with you.
You were very hungry.

You visited 1 branch of the dungeon, and saw 2 of its levels.

You collected 89 gold pieces.

Dungeon Overview and Level Annotations

Branches:
Dungeon (2/15)

Altars:

#..#.#.#.# .......
#..#.#.#.# .......
#..#.#.#.# ..(....
#..#.#.#.# .......
#..#.#.#.# .....
##..#.#.#.# ... ...#.#.#.##
######.##########.#..รท...#
......)ooo@...#....##.####
#######.#####.........#
#######.#######.#######
.....$..........#
#######.######### #.# #.#
..# #.#


You could see an orc warrior and 2 orc wizards.

Notes
Turn   | Place    | Note
-------+----------+-------------------------------------------
     0 | D:1      | theanonym the Hill Orc Berserker began the quest for the
                  | Orb.
     0 | D:1      | Reached XP level 1. HP: 19/19 MP: 1/1
    93 | D:1      | HP: 10/20 [frilled lizard (3)]
   348 | D:1      | Reached XP level 2. HP: 19/27 MP: 2/2
   490 | D:1      | Reached skill level 4 in Fighting
   662 | D:1      | Reached skill level 5 in Axes
   664 | D:1      | HP: 11/27 [kobold/+0 short sword (4)]
   924 | D:1      | Reached XP level 3. HP: 32/33 MP: 3/3
  1322 | D:2      | Reached ** piety under Trog
  1365 | D:2      | HP: 15/33 [worm (10)]
  1696 | D:2      | Noticed an orc warrior
  1706 | D:2      | HP: 10/34 [orc warrior/+0 glaive of flaming (9)]
  1710 | D:2      | Mangled by an orc warrior

Vanquished Creatures
  An adder (D:2)
  A worm (D:2)
  A dart slug (D:2)
  An orc (D:2)
  6 goblins
  4 hobgoblins (D:1)
  7 kobolds (D:1)
  2 quokkas (D:2)
  A ball python (D:1)
  2 bats (D:1)
  A frilled lizard (D:1)
  8 rats
35 creatures vanquished.

Table legend:
 A = Turns spent in this place as a percentage of turns spent in the entire game.
 B = Non-inter-level travel turns spent in this place as a percentage of non-inter-level travel turns spent in the entire game.
 C = Inter-level travel turns spent in this place as a percentage of turns spent in this place.
 D = Turns resting spent in this place as a percentage of non-inter-level travel turns spent in this place.
 E = Turns spent auto-exploring this place as a percentage of non-inter-level travel turns spent in this place.
 F = Non-inter-level travel turns spent in this place divided by the number of levels of this place that you've seen.
                   A       B       C       D       E      F
               +-------+-------+-------+-------+-------+----------------------
         Total | 100.0 | 100.0 |   1.9 |  36.4 |  48.4 | 839.0
       Dungeon | 100.0 | 100.0 |   1.9 |  36.4 |  48.4 | 839.0
               +-------+-------+-------+-------+-------+----------------------
